 Dungeon Crawl Stone Soup version 0.29-a0-962-gc8bbfd0a37 (webtiles) character file.

Game seed: 14056195704006924395

40 jlumianski the Trooper (level 3, -2/29 HPs)
             Began as a Demonspawn Fighter on July 30, 2022.
             Slain by a gnoll
             ... wielding a +3 flail
              (10 damage)
             ... on level 2 of the Dungeon.
             The game lasted 00:02:46 (722 turns).

jlumianski the Trooper (Demonspawn Fighter)          Turns: 722, Time: 00:02:47

Health: -2/29      AC:  9    Str: 18    XL:     3   Next: 30%
Magic:  3/3        EV:  9    Int:  9    God:
Gold:   43         SH:  4    Dex: 12    Spells: 2/2 levels left

rFire   . . .      SeeInvis .   a - +0 war axe
rCold   . . .      Faith    .   c - +0 buckler
rNeg    . . .      Spirit   .   b - +0 scale mail
rPois   .          Reflect  .   (no helmet)
rElec   .          Harm     .   g - +0 cloak
rCorr   .          Rampage  .   j - +0 pair of gloves
Will    .....                   (no boots)
Stlth   ..........              (no amulet)
HPRegen 0.09/turn               (no ring)
MPRegen 0.08/turn               (no ring)

@: no status effects
A: foul stench 1
a: no special abilities


You were on level 2 of the Dungeon.
You visited 1 branch of the dungeon, and saw 2 of its levels.

You collected 43 gold pieces.

Inventory:

Hand Weapons
 a - a +0 war axe (weapon)
Missiles
 e - 17 stones (quivered)
 f - 2 poisoned darts
Armour
 b - a +0 scale mail (worn)
 c - a +0 buckler (worn)
 g - a +0 cloak (worn)
 j - a +0 pair of gloves (worn)
Scrolls
 k - a scroll of teleportation {unknown}
Potions
 d - a potion of might
 h - a potion of haste {unknown}
 i - a potion of heal wounds {unknown}


   Skills:
 + Level 3.5 Fighting
 + Level 2.2 Axes
 + Level 3.2 Armour
 + Level 2.8 Shields


You had 2 spell levels left.
You didn't know any spells.
Your spell library was empty.

Dungeon Overview and Level Annotations

Branches:
Dungeon (2/15)

Altars:

Shops:
D:1 ([**:


Innate Abilities, Weirdness & Mutations

You may rarely emit foul miasma when damaged in melee.


Message History

You closely miss the gnoll.
The gnoll is almost dead.
You kill the gnoll!
Your Armour skill increases to level 3!
You slash the gnoll!
The gnoll is severely wounded.
The gnoll hits you with a +0 whip.
You hit the gnoll.
The gnoll is almost dead.
The gnoll hits you but does no damage. x2
You completely miss the gnoll.
The gnoll is almost dead.
The gnoll hits you but does no damage.
You closely miss the gnoll.
The gnoll is almost dead.
The gnoll barely misses you.
You hit the gnoll.
You kill the gnoll!
The gnoll hits you but does no damage.
You have reached level 3!
Your experience leads to an increase in your attributes!
Increase (S)trength, (I)ntelligence, or (D)exterity?
You feel stronger. x2
You hit the gnoll.
The gnoll is moderately wounded.
The gnoll barely misses you.
You slash the gnoll!
You kill the gnoll!
The gnoll closely misses you.
You hit the gnoll but do no damage. The gnoll hits you with a +3 flail.
You closely miss the gnoll. You block the gnoll's attack.
The gnoll barely misses you.
You hit the gnoll.
The gnoll is lightly wounded.
The gnoll hits you with a +3 flail!
* * * LOW HITPOINT WARNING * * *
You closely miss the gnoll.
The gnoll is lightly wounded.
The gnoll hits you with a +3 flail!
You die...

.# #. .#.# #.
..[# #g #..###
#. ######.....
###g #.......###
... +.........#
#.##.....#...#
#.g@.........#
##########...#
#.#.# #.#.#
#.#.# .#
#########.#.##.#
#..........).#.#
#............#.#
#............#.#


You could see a gnoll.

Vanquished Creatures
  3 gnolls (D:2)
  A giant cockroach (D:1)
  A goblin (D:1)
  A hobgoblin (D:1)
  3 kobolds (D:1)
  A ball python (D:1)
  A bat (D:1)
  A frilled lizard (D:1)
12 creatures vanquished.

Notes
Turn   | Place    | Note
-------+----------+-------------------------------------------
     0 | D:1      | jlumianski the Demonspawn Fighter began the quest for the
                  | Orb.
     0 | D:1      | Reached XP level 1. HP: 18/18 MP: 1/1
    38 | D:1      | Found Roschual's Weapon Shop.
   291 | D:1      | Found Tesulilo's Assorted Antiques.
   311 | D:1      | Found Kaisches's Book Emporium.
   394 | D:1      | Gained mutation: You may rarely emit foul miasma when
                  | damaged in melee. [demonic ancestry]
   394 | D:1      | Reached XP level 2. HP: 24/24 MP: 2/2
   410 | D:1      | Found Liofaseo's Armour Boutique.
   619 | D:1      | Found a faded altar of an unknown god.
   630 | D:1      | Found Xikkasit's Assorted Antiques.
   717 | D:2      | Reached XP level 3. HP: 22/29 MP: 3/3
   722 | D:2      | Slain by a gnoll

Illustrated notes

Levels and vault maps discovered:
D:1:      dpeg_arrival_leaves_temple_mockup, layout_basic,
          basic_ecumenical_altar, serial_shops, nicolae_shop_statue_plus, shop,
          nicolae_lakefront_shop, shop, shop, corexii_corridor_pit
D:2:      layout_basic, eino_curves_04, uniq_robin

Skill      XL: |  1  2 |
---------------+-------+-----
Axes           | 2 |  2.2
Armour         | 3 |  3.2
Fighting       | |  3.5
Shields        | |  2.8

Action                   || total
-------------------------++-------
Melee: War axe           ||    32
Armor: Scale mail        ||    12
Dodge: Dodged            ||    11
Block: Buckler           ||     4

Table legend: (Time is in decaauts)
 A = Elapsed time spent in this place.
 B = Non-inter-level travel time spent in this place.
 C = Inter-level travel time spent in this place.
 D = Time resting spent in this place.
 E = Time spent auto-exploring this place.
 F = Levels seen in this place.
 G = Mean time per level.
                   A        B        C        D        E       F      G
               +--------+--------+--------+--------+--------+-----+--------+
         Total |    735 |    735 |      0 |      0 |    431 |   2 |  367.5 |
       Dungeon |    735 |    735 |      0 |      0 |    431 |   2 |  367.5 |
               +--------+--------+--------+--------+--------+-----+--------+

Top non-repeatable levels by time:
     D:1: 678 daAuts
     D:2: 57 daAuts
